 Dungeon Crawl Stone Soup version 0.19-a0-1260-gc94d3f7 (webtiles) character file.

139 Charly the Sneak (level 5, 24/24 HPs)
             Began as a Spriggan Enchanter on Aug 28, 2016.
             Quit the game on level 6 of the Dungeon.
             The game lasted 00:11:26 (795 turns).

Charly the Sneak (Spriggan Enchanter)                Turns: 795, Time: 00:11:27

Health: 24/24      AC:  3    Str:  4    XL:     5   Next: 1%
Magic:  10/10      EV: 18    Int: 15    God:
Gold:   55         SH:  0    Dex: 15    Spells: 3 memorised, 3 levels left

rFire  . . .     SeeInvis +     a - +2 dagger
rCold  . . .     Gourm    .     b - +1 robe
rNeg   . . .     Faith    .     (shield restricted)
rPois  .         Spirit   .     (helmet restricted)
rElec  .         Dismiss  .     (no cloak)
rCorr  .         Reflect  .     (gloves unavailable)
MR     .....     Harm     .     (boots unavailable)
Stlth  ++++......               (no amulet)
                                (no ring)
                                (no ring)

@: very quick
A: unfitting armour, see invisible, clumsy 1, dopey 1, herbivore 3, speed 3,
slow metabolism 2
a: no special abilities


You were on level 6 of the Dungeon.
You were not hungry.

You visited 1 branch of the dungeon, and saw 8 of its levels.

You collected 55 gold pieces.

Inventory:

Hand Weapons
 a - a +2 dagger (weapon)
Armour
 b - a +1 robe (worn)
Wands
 e - a wand of digging (8/24)
Potions
 g - a potion of brilliance
Books
 c - a book of Maledictions

   Spells                             Type                      Level
   a - Corona                         Hexes                        1
   b - Ensorcelled Hibernation        Hexes/Ice                    2
   c - Confuse                        Hexes                        3
   d - Tukima's Dance                 Hexes                        3
   e - Dazzling Spray                 Conjuration/Hexes            3
Comestibles
 d - a bread ration


   Skills:
 - Level 1.1 Short Blades
 - Level 3.0 Dodging
 + Level 6.8 Stealth
 - Level 2.6 Spellcasting
 + Level 5.6 Hexes


You had 3 spell levels left.
You knew the following spells:

 Your Spells              Type           Power        Failure   Level  Hunger
a - Corona                Hex            ###....      1%          1    #......
h - Ensorcelled Hibernat  Hex/Ice        ##....       12%         2    ##.....
s - Dazzling Spray        Conj/Hex       ##....       21%         3    ###....


Dungeon Overview and Level Annotations

Branches:
Dungeon (8/15)
 Temple: D:4-7         Lair: D:8-11

Altars:
Yredelemnul
The Shining One


Innate Abilities, Weirdness & Mutations

You are tiny and cannot use many weapons and most armour.
You have supernaturally acute eyesight. (SInv)
You are a herbivore.
You cover ground extremely quickly.
You need consume almost no food.
You are clumsy. (Dex -2)
You are dopey. (Int -2)


Message History

You hit the jackal.
The jackal is severely wounded.
The jackal closely misses you.
You hit the jackal.
You kill the jackal!
HP restored.
You open the door.
Found a large silver amulet, 21 stones and a bubbling white potion.
Found a scroll of identify.
There is an open door here.
The centaur wields a shortbow.
The centaur shoots an arrow.
The arrow misses you.
You see here an arrow.
There is an open door here.
You close the door.
You start resting.
Magic restored.
You open the door.
There is an open door here.
Are you sure you want to abandon this character and quit the game? (Confirm with "yes".)

.......# # .......#..+.....
....# ..........#...... ....+
####.####.# ..... ....#
#.......# # #...##...!##
#.##....# ##...#....(.#
#.#.....#...#...#......#
...._.......#...#......#
#.)...#.#...+...@."....#
#....##.#...#...#(.....#
#.......# ..#...#......# .
####.####.. ##..#....?.####..
.........5.# #..######.......
.......#.... +....# .......
.......# .. #....# .......
.......#########'##+##.......
###......................#


There were no monsters in sight!

Vanquished Creatures
  A hound (D:6)
  A crimson imp (D:6)
  A giant frog skeleton (D:7)
  A jelly (D:6)
  A worker ant zombie (D:7)
  An adder zombie (D:6)
  An orc (D:4)
  2 jackals (D:6)
  2 giant newts
  A goblin (D:3)
12 creatures vanquished.

Notes
Turn   | Place    | Note
-------+----------+-------------------------------------------
     0 | D:1      | Charly the Spriggan Enchanter began the quest for the Orb.
     0 | D:1      | Reached XP level 1. HP: 9/9 MP: 5/5
   160 | D:4      | Found a basalt altar of Yredelemnul.
   234 | D:5      | Entered Level 5 of the Dungeon
   263 | D:6      | Noticed an iguana
   273 | D:6      | Noticed a jelly
   314 | D:7      | Reached skill level 5 in Stealth
   314 | D:7      | Reached XP level 2. HP: 4/13 MP: 4/6
   318 | D:7      | Learned a level 2 spell: Ensorcelled Hibernation
   319 | D:7      | Noticed a hippogriff
   359 | D:6      | Reached XP level 3. HP: 7/16 MP: 2/8
   364 | D:6      | Learned a level 3 spell: Dazzling Spray
   371 | D:6      | Noticed a centaur
   396 | D:6      | Noticed a centaur
   409 | D:6      | Noticed a troll
   493 | D:6      | Found a glowing golden altar of the Shining One.
   510 | D:6      | Reached skill level 6 in Stealth
   510 | D:6      | Reached skill level 5 in Hexes
   510 | D:6      | Reached XP level 4. HP: 16/21 MP: 2/9
   528 | D:5      | Gained mutation: You are clumsy. (Dex -2) [potion of mutation]
   528 | D:5      | Gained mutation: You are dopey. (Int -2) [potion of mutation]
   692 | D:7      | Noticed a steam dragon
   737 | D:6      | Reached XP level 5. HP: 23/24 MP: 3/10
   795 | D:6      | Quit the game

Vault maps used:
D:1:      dpeg_arrival_tiny_i
D:2:      first_bread, minmay_misc_feat_alley
D:4:      yredelemnul_forgotten_temple_becter, serial_shops, shop, uniq_natasha,
          uniq_crazy_yiuf_cottage
D:5:      led_xom_imps, vehumet_altar_wand_db, hangedman_decor_clover_reticule,
          minmay_crystal_water
D:6:      black_bear_nest_1, nicolae_overflow_crystal_walls
D:8:      kennysheep_little_box, serial_shops, shop,
          hangedman_little_slice_of_home

Skill      XL: |  1  2  3 |
---------------+----------+-----
Hexes          | 4 5 |  5.6
Stealth        | 5 6 |  6.8
Short Blades   | |  1.1
Dodging        | |  3.0
Spellcasting   | |  2.6

Action                   |  1- 3 |  4- 6 || total
-------------------------+-------+-------++-------
Melee: Dagger            |    18 |     7 ||    25
 Cast: Corona            |     2 |       ||     2
       Ensorcelled Hiber |     5 |     2 ||     7
       Dazzling Spray    |     1 |     2 ||     3
  Use: Scroll            |     3 |     3 ||     6
       Potion            |       |     1 ||     1
 Stab: Sleeping          |     7 |     2 ||     9
Armor: Robe              |     1 |       ||     1
Dodge: Dodged            |     8 |     5 ||    13
